 Dungeon Crawl Stone Soup version 0.23-a0-398-g8eab93f (webtiles) character file.

14 RonnieColeman the Conjurer (level 2, -1/15 HPs)
             Began as a Deep Elf Conjurer on Nov 3, 2018.
             Slain by an adder (3 damage)
             ... on level 1 of the Dungeon.
             The game lasted 00:01:01 (221 turns).

RonnieColeman the Conjurer (Deep Elf Conjurer)       Turns: 221, Time: 00:01:01

Health: -1/15      AC:  2    Str:  5    XL:     2   Next: 31%
Magic:  3/8        EV: 13    Int: 19    God:
Gold:   17         SH:  0    Dex: 15    Spells: 7/8 levels left

rFire    . . .     SeeInvis .   (no weapon)
rCold    . . .     Gourm    .   (no shield)
rNeg     . . .     Faith    .   a - +0 robe
rPois    .         Spirit   .   (no helmet)
rElec    .         Reflect  .   (no cloak)
rCorr    .         Harm     .   (no gloves)
MR       .....                  (no boots)
Stlth    ++........             (no amulet)
HPRegen  0.05/turn              (no ring)
MPRegen  0.11/turn              (no ring)

@: lethally poisoned (-1 -> -9)
A: no striking features
a: no special abilities


You were on level 1 of the Dungeon.
You were not hungry.

You visited 1 branch of the dungeon, and saw 2 of its levels.

You collected 17 gold pieces.

Inventory:

Armour
 a - a +0 robe (worn)
Scrolls
 b - a scroll of remove curse {unknown}
 d - a scroll of amnesia {unknown}
Potions
 e - a potion of curing {unknown}
 f - a potion of degeneration {unknown}
Comestibles
 c - 2 rations


   Skills:
 - Level 2.4 Dodging
 - Level 2.4 Stealth
 * Level 3.9 Spellcasting
 + Level 4.6 Conjurations


You had 7 spell levels left.
You knew the following spells:

 Your Spells              Type           Power        Failure   Level  Hunger
a - Magic Dart            Conj           ###.         1%          1    None

Your spell library contained the following spells:

 Spells                   Type           Power        Failure   Level  Hunger
 Searing Ray              Conj           ###...       3%          2    ##.....
 Dazzling Spray           Conj/Hex       ##....       16%         3    ###....
 Iskenderun's Mystic Bla  Conj           ###.....     21%         4    ####...
 Force Lance              Conj/Tloc      ##......     47%         4    ####...
 Fulminant Prism          Conj/Hex       ##........   47%         4    ####...


Dungeon Overview and Level Annotations

Branches:
Dungeon (2/15)

Altars:


Message History

The jackal bites you but does no damage.
The adder completely misses you.
You closely miss the jackal. The jackal bites you. The jackal misses you.
The adder completely misses you. The jackal barely misses you.
The jackal closely misses you.
You barely miss the jackal. The adder closely misses you.
The jackal bites you but does no damage.
The jackal bites you.
You barely miss the jackal. The adder barely misses you.
The jackal closely misses you. x3; The jackal barely misses you.
The adder bites you.
You are lethally poisoned!
The adder poisons you!
You closely miss the jackal.
You feel sick. The jackal barely misses you. The jackal bites you.
The adder bites you.
* * * LOW HITPOINT WARNING * * *
You barely miss the jackal.
The jackal bites you but does no damage.
The jackal completely misses you. The adder bites you.
You die...

######....# #+#'#'#+#†#†#'#
#.......###
##.#.#.#.#.#.#.### #.#####.#
+.......<.†.....'. ####.#
##.#.#.#.#.#.#.### #....#
#+#'#'#'#'#'#'# #.##.#
#.#.#.#.#.#†# #.##.##.#
#####.#######
#.......#########.##.#### .#
.....##.....h@S.........##.##
#### #.###.#h#..#.#.#......#
#.###.#....#...#..##..#
#......#.#####........#
#.###..#...#........#.#
#.###......#.###.##.#.##
#....#.###... #.......#
#............. #.......#
#.#†.#........ #.##.##.#


You could see an adder and 2 jackals.

Vanquished Creatures
  2 leopard geckos (D:1)
  3 giant cockroaches (D:1)
  A goblin (D:1)
  2 quokkas (D:1)
  3 rats (D:1)
11 creatures vanquished.

Notes
Turn   | Place    | Note
-------+----------+-------------------------------------------
     0 | D:1      | RonnieColeman the Deep Elf Conjurer began the quest for the
                  | Orb.
     0 | D:1      | Reached XP level 1. HP: 10/10 MP: 6/6
   102 | D:1      | Reached XP level 2. HP: 15/15 MP: 1/8
   221 | D:1      | Slain by an adder

Vault maps used:
D:1:      onia_arrival_larder
D:2:      first_ration, minmay_door_square, minmay_gold_behind_fungi

Action                   || total
-------------------------++-------
Melee: Unarmed           ||    28
 Cast: Magic Dart        ||    23
 Stab: Sleeping          ||     2
Armor: Robe              ||    12
Dodge: Dodged            ||    47

Table legend:
 A = Non-vault XP
 B = Vault XP
 C = Vault XP percentage of total XP
 D = Non-vault monster count
 E = Vault monster count
 F = Vault count percentage of total count
                 A         B        C        D         E       F
            +---------+---------+-------+---------+---------+-------
      Total |      10 |      11 |  52.4 |       4 |       7 |  63.6
            +---------+---------+-------+---------+---------+-------
        D:1 |      10 |      11 |  52.4 |       4 |       7 |  63.6
            +---------+---------+-------+---------+---------+-------
